 Dungeon Crawl Stone Soup version 0.31.0-11-ge490571c62 (webtiles) character file.

Game seed: 16277480402577780319

679791 Ashen the Gnoll Aeon (level 27, -3/442 (499) HPs)
             Began as a Gnoll Conjurer on Jan 28, 2024.
             Was the Champion of Cheibriados.
             Slain by an Executioner (12 damage)
             ... in Pandemonium.
             The game lasted 06:55:09 (70765 turns).

Ashen the Gnoll Aeon (Gnoll Conjurer)              Turns: 70765, Time: 06:55:10

HP:   -3/442 (499)  AC: 34    Str: 23    XL:     27
MP:   22/47         EV:  2    Int: 46    God:    Cheibriados [******]
Gold: 1291          SH: 14    Dex: 28    Spells: 4/66 levels left

rFire   . . .        z - +9 demon trident (heavy)
rCold   . . .        M - +3 buckler {reflect}
rNeg    . . .        K - melded +3 ring mail "Momneewkot" {Int+6}
rPois   +            p - melded +2 helmet {Int+3}
rElec   +            X - melded scarf {rC+ rF+}
rCorr   .            R - melded +0 pair of fencer's gloves {Riposte Dex+3}
SInv    .            T - melded +2 pair of boots
Will    +++..        k - amulet of regeneration Stlth
                     a - ring "Emokkup" {rElec Will+ Dex+3}
HPRegen 1.73/turn    U - ring of wizardry
MPRegen 0.30/turn

%: reflection, wizardry (x1)
@: berserking (expiring), tree-form, death channelling, marked, flayed,
weakened, slowed, studying Invocations, heavily drained, very slow
A: stationary, stasis, torment immunity, boosted hp, (fangs 1), strong nose,
distributed training, (talons 1), subdued magic 1
}: 5/15 runes: barnacled, silver, abyssal, demonic, gossamer
a: Renounce Religion, Bend Time, Temporal Distortion, Slouch, Step From Time


You were in Pandemonium.
You worshipped Cheibriados.
Cheibriados was exalted by your worship.
You were a tree.
You visited 11 branches of the dungeon, and saw 46 of its levels.
You visited Pandemonium 1 time, and saw 4 of its levels.
You visited the Abyss 2 times.
You visited 1 bazaar.
You also visited: Sewer and Gauntlet.

You collected 7843 gold pieces.
You spent 6552 gold pieces at shops.

Inventory:

Hand Weapons
 z - a +9 heavy demon trident (weapon)
Armour
 p - a +2 helmet of intelligence (melded)
 K - the +3 ring mail "Momneewkot" (melded) {Int+6}
   (You took it off an orc on level 6 of the Dungeon)

   Int+6:     It affects your intelligence (+6).
 M - a +3 buckler of reflection (worn)
 R - the +0 pair of fencer's gloves (melded) {Riposte Dex+3}
   (You found it in a Gauntlet)

   Riposte:   It allows the wearer to riposte with melee weapons, swiftly
   retaliating against missed or blocked melee attacks.
   Dex+3:     It affects your dexterity (+3).
 T - a +2 pair of boots (melded)
 X - a scarf of resistance (melded)
Jewellery
 a - the ring "Emokkup" (left branch) {rElec Will+ Dex+3}
   (You found it on level 2 of the Spider Nest)

   [ring of willpower]

   Dex+3:     It affects your dexterity (+3).
   rElec:     It insulates you from electricity.
   Will+:     It increases your willpower.
 k - an amulet of regeneration (around neck)
 U - a ring of wizardry (right branch)
Talismans
 n - a granite talisman
 D - a talisman of death
Wands
 m - a wand of polymorph (28)
 o - a wand of paralysis (28)
 w - a wand of mindburst (52)
 A - a wand of iceblast (37)
 I - a wand of digging (19)
 V - a wand of light (15)
 W - a wand of flame (36)
Scrolls
 f - 2 scrolls of silence
 g - 13 scrolls of blinking
 h - 4 scrolls of butterflies
 l - 7 scrolls of fear
 u - 22 scrolls of teleportation
 x - 13 scrolls of vulnerability
 y - 10 scrolls of immolation
 B - 7 scrolls of fog
 L - 2 scrolls of poison
 O - 8 scrolls of revelation
Potions
 b - 9 potions of magic
 d - 34 potions of curing
 i - 9 potions of attraction
 j - 8 potions of might
 r - 12 potions of ambrosia
 s - 9 potions of mutation
 t - 8 potions of invisibility
 v - 4 potions of resistance
 C - 2 potions of cancellation
 F - 3 potions of berserk rage
 H - 7 potions of lignification
 J - 3 potions of enlightenment
 Y - 7 potions of brilliance
Miscellaneous
 e - a phantom mirror
 q - a sack of spiders
 E - a tin of tremorstones (2/2)
 G - the horn of Geryon
 P - a phial of floods
 Q - a lightning rod (4/4)


   Skills:
 + Level 19.5 Fighting
 + Level 19.5 Short Blades
 + Level 19.5 Long Blades
 + Level 19.5 Axes
 + Level 19.5 Maces & Flails
 + Level 19.5 Polearms
 + Level 19.5 Staves
 + Level 19.5 Ranged Weapons
 + Level 19.5 Throwing
 + Level 19.5 Armour
 + Level 19.9 Dodging
 + Level 19.9 Stealth
 + Level 19.5 Shields
 + Level 19.5 Unarmed Combat
 + Level 20.0 Spellcasting
 + Level 17.9 Conjurations
 + Level 16.6 Hexes
 + Level 16.6 Summonings
 + Level 16.6 Necromancy
 + Level 16.6 Translocations
 + Level 16.6 Fire Magic
 + Level 16.6 Ice Magic
 + Level 16.6 Air Magic
 + Level 16.6 Earth Magic
 + Level 16.6 Alchemy
 + Level 21.9 Invocations
 + Level 19.5 Evocations
 + Level 18.0 Shapeshifting


You had 4 spell levels left.
You knew the following spells:

 Your Spells              Type           Power      Damage    Failure   Level
a - Orb of Destruction    Conj           52%        9d13      1%          7
b - Spellforged Servitor  Conj/Summ      51%        N/A       1%          7
c - Iskenderun's Mystic   Conj/Tloc      100%       2d19      0%          4
d - Ignition              Fire           50%        3d14      1%          8
e - Death Channel         Necr           50%        N/A       1%          6
f - Blink                 Tloc           100%       N/A       0%          2
g - Summon Mana Viper     Hex/Summ       100%       N/A       0%          5
h - Fire Storm            Conj/Fire      51%        8d13      13%         9
i - Summon Hydra          Summ           50%        N/A       1%          7
j - Ozocubu's Refrigerat  Ice            50%        4d18      1%          7

Your spell library contained the following spells:

 Spells                   Type           Power      Damage    Failure   Level
 Apportation              Tloc           100%       N/A       0%          1
 Foxfire                  Conj/Fire      100%       2x1d9     0%          1
 Freeze                   Ice            100%       1d10      0%          1
 Magic Dart               Conj           100%       1d8       0%          1
 Necrotise                Necr           100%       1d9       0%          1
 Call Imp                 Summ           100%       N/A       0%          2
 Cigotuvi's Dreadful Rot  Necr/Alch/Air  100%       N/A       0%          2
 Ensorcelled Hibernation  Hex/Ice        100%       N/A       0%          2
 Jinxbite                 Hex            100%       N/A       0%          2
 Lesser Beckoning         Tloc           100%       N/A       0%          2
 Momentum Strike          Conj/Tloc      100%       3d10      0%          2
 Searing Ray              Conj           100%       2d8       0%          2
 Static Discharge         Conj/Air       100%       3-8/arc   0%          2
 Sublimation of Blood     Necr           100%       N/A       0%          2
 Call Canine Familiar     Summ           100%       N/A       0%          3
 Dazzling Flash           Conj/Hex       100%       N/A       0%          3
 Frozen Ramparts          Ice            100%       1d16      0%          3
 Gell's Gravitas          Tloc           100%       N/A       0%          3
 Hailstorm                Conj/Ice       100%       3d16      0%          3
 Inner Flame              Hex/Fire       100%       N/A       0%          3
 Passwall                 Erth           100%       N/A       0%          3
 Sigil of Binding         Hex            100%       N/A       0%          3
 Stone Arrow              Conj/Erth      100%       3d13      0%          3
 Summon Ice Beast         Ice/Summ       100%       N/A       0%          3
 Swiftness                Air            100%       N/A       0%          3
 Teleport Other           Tloc           100%       N/A       0%          3
 Tukima's Dance           Hex            100%       N/A       0%          3
 Vampiric Draining        Necr           100%       2d13      0%          3
 Volatile Blastmotes      Fire/Tloc      100%       2d18      0%          3
 Airstrike                Air            50%        2d(8-24)  0%          4
 Animate Armour           Summ/Erth      100%       N/A       0%          4
 Dimensional Bullseye     Hex/Tloc       50%        N/A       0%          4
 Dispel Undead            Necr           100%       3d31      0%          4
 Fulminant Prism          Conj/Alch      51%        3d23      0%          4
 Ignite Poison            Fire/Alch      100%       N/A       0%          4
 Leda's Liquefaction      Alch/Erth      50%        N/A       0%          4
 Martyr's Knell           Necr/Summ      100%       N/A       0%          4
 Olgreb's Toxic Radiance  Alch           100%       N/A       0%          4
 Petrify                  Alch/Erth      100%       N/A       0%          4
 Sticky Flame             Fire/Alch      100%       2d15      0%          4
 Summon Blazeheart Golem  Fire/Summ      100%       N/A       0%          4
 Summon Lightning Spire   Summ/Air       100%       N/A       0%          4
 Alistair's Intoxication  Alch           67%        N/A       0%          5
 Arcjolt                  Conj/Air       51%        1d61      0%          5
 Curse of Agony           Necr           100%       N/A       0%          5
 Freezing Cloud           Conj/Ice/Air   51%        6-21      0%          5
 Irradiate                Conj/Alch      51%        3d28      0%          5
 Iskenderun's Battlesphe  Conj           100%       2d15      0%          5
 Lee's Rapid Deconstruct  Erth           50%        3d24*     0%          5
 Metabolic Englaciation   Hex/Ice        50%        N/A       0%          5
 Summon Forest            Summ/Tloc      50%        N/A       0%          5
 Yara's Violent Unravell  Hex/Alch       50%        3d19      0%          5
 Bombard                  Conj/Erth      51%        9d9       1%          6
 Eringya's Noxious Bog    Alch           50%        4d6       1%          6
 Plasma Beam              Fire/Air       50%        2x1d65    1%          6
 Sculpt Simulacrum        Ice/Alch       50%        N/A       1%          6
 Starburst                Conj/Fire      51%        6d14      1%          6
 Enfeeble                 Hex            50%        N/A       1%          7
 Malign Gateway           Summ/Tloc      50%        N/A       1%          7
 Monstrous Menagerie      Summ           50%        N/A       1%          7
 Discord                  Hex            50%        N/A       1%          8
 Summon Horrible Things   Summ           50%        N/A       1%          8
 Polar Vortex             Ice            50%        12d6*     16%         9


Dungeon Overview and Level Annotations

Branches:
Dungeon (15/15)            Temple (0/1) D:5            Lair (5/5) D:8
 Shoals (4/4) Lair:3       Spider (4/4) Lair:3        Slime (0/5) Lair:5
    Orc (2/2) D:10            Elf (3/3) Orc:2        Vaults (5/5) D:13
  Crypt (2/3) Vaults:3     Depths (4/4) D:15           Hell (visited)
    Zot (1/5) Depths:4      Sewer (visited)         Gauntlet (visited)
    Dis: Hell:1         Geh: Hell:1         Coc: Hell:1         Tar: Hell:1

Altars:
Cheibriados
Dithmenos
Elyvilon
Gozag
Kikubaaqudgha
Makhleb
Nemelex Xobeh
Okawaru
Qazlal
Ru
Sif Muna
Uskayaw
Wu Jian
Xom
Yredelemnul
Zin
The Shining One

Shops:
D:3 *   D:4 *   D:6 [   D:7 ?   Orc:2 =(![[   Elf:3 *   Shoals:2 *   Shoals:3 (
Vaults:2 :   Vaults:5 *   Depths:1 ![   Depths:2 (??   Depths:3 :=:

Portals:
Hell: Depths:1 Depths:2 Depths:3 Depths:4
Abyss: Depths:3 Depths:4
Pandemonium: Depths:1 Depths:2 Depths:4
Ziggurat: Depths:4

Annotations:
D:14 3 runed translucent doors, Liuraseu's ghost, journeyman MiBe
Elf:1 1 runed translucent door, Arcadio's ghost, journeyman TrGl
Depths:3 exclusion: door


Innate Abilities, Weirdness & Mutations

You are a tree.
Your roots penetrate the ground, keeping you stationary.
You cannot be teleported.
You are immune to unholy pain and torment.
Your maximum health is greatly increased.
Your equipment is partially melded.
((You have very sharp teeth.))
Your uncanny sense of smell can sniff out nearby items.
Your experience applies equally to all skills.
((You have sharp toenails.))
Your spells are a little easier to cast, but a little less powerful.


Message History

The Executioner hits you but does no damage. x2
Something hits you but does no damage. x2
Unknown command.
You closely miss the Executioner.
The Executioner is heavily wounded.
You block the Executioner's attack.
The Executioner hits you but does no damage. x2
The Executioner hits your spectral Executioner!!
Your spectral Executioner looks even weaker.
The Executioner hits your spectral Executioner but does no damage. x2
You block the Executioner's attack.
The Executioner hits you but does no damage. x2
The Executioner hits your spectral Executioner!!
Your spectral Executioner is destroyed!
The Executioner hits you.
* * * LOW HITPOINT WARNING * * *
The Executioner hits you but does no damage.
The Executioner hits you.
* * * LOW HITPOINT WARNING * * *
Something hits you but does no damage. x2
A large abomination comes into view.
The Executioner hits you.
* * * LOW HITPOINT WARNING * * *
The Executioner hits you but does no damage. x2
Something hits you but does no damage. Something hits you!
* * * LOW HITPOINT WARNING * * *
Something drains your vigour!
You feel as though you will be slow longer.
You impale the Executioner!!
The Executioner is almost dead.
The Executioner hits you but does no damage.
You block the Executioner's attack.
The Executioner hits you but does no damage. x2
You block the Executioner's attack.
The Executioner hits you but does no damage.
The Executioner hits you!
* * * LOW HITPOINT WARNING * * *
The Executioner hits you but does no damage. x11
The Executioner hits you!
You die...

,,,,,* #.# ,,,,,* #.######
,,*****#......#
,,.......####X##
**##########...##############
,,,,,,......................#
*,,,*,#...#....{#...#.#...#.#
,*,*,,.#.#.....1{#.#..)#.#..#
,,,,,,......###.♣.1.........#
,*,,,∆....##*∆###11......#..#
*,,,,,....*,,,,,#.....1...#.#
,,,,**###**+***+#######.....#
*,,,* *,,,,,* #...#.# ,*,,*
*,,,,,* #..#..# ,,,,* *,,,,,*
#.....# ,*,,* **,,,,,**
#..#..# *,,,* *,,,,,,,*
#...#.#


You could see 5 Executioners and a large abomination.

Vanquished Creatures
  Frederick (Depths:3)
  Mara (Vaults:2)
  2 juggernauts (Depths:2)
  3 pandemonium lords (Pan)
  Sojobo (Depths:4)
  Xtahua (Crypt:2)
  Margery (Crypt:1)
  3 caustic shrikes (Depths:2)
  Geryon (Hell)
  Jory (Crypt:1)
  A bone dragon (Abyss:3)
  A hellephant (Crypt:1)
  2 Brimstone Fiends (Pan)
  Zenata (Crypt:1)
  A doom hound (Depths:3)
  6 liches
  3 tentacled monstrosities
  A Hell Sentinel (Pan)
  A deep elf master archer (Elf:3)
  A walking crystal tome (Depths:2)
  A quicksilver dragon (Vaults:4)
  7 titans
  14 Executioners
  4 sphinxes
  Gastronok (D:12)
  3 ancient champions
  2 tentacled starspawn
  Frances (Shoals:1)
  4 tengu reavers
  5 storm dragons
  A thorn hunter (Abyss:3)
  2 shadow dragons
  The ghost of emikaela the Carver, an adept DrRe of Ignis (Spider:2)
  5 demonspawn warmongers (Pan)
  A draconian knight (Depths:4)
  3 deep elf sorcerers
  9 balrugs
  4 emperor scorpions
  14 vault wardens
  9 frost giants
  6 fire giants
  An iron dragon (Depths:2)
  A juggernaut zombie (Depths:3)
  15 ironbound preservers
  An orc warlord (Vaults:2)
  2 ghost moths
  6 deep elf elementalists (Elf:3)
  4 curse skulls
  A spriggan defender (Depths:2)
  15 demonspawn corrupters (Pan)
  7 ironbound thunderhulks
  14 reapers
  3 cacodemons (Pan)
  A juggernaut skeleton (Depths:3)
  2 formless jellyfish (Vaults:2)
  14 very ugly things
  5 ghouls
  6 demonspawn blood saints (Pan)
  11 stone giants
  3 broodmothers (Spider:4)
  9 vampire knights
  9 deep elf death magi
  7 lorocyprocas (Pan)
  7 deep elf annihilators
  2 demonspawn black suns (Pan)
  A minotaur (Gauntlet)
  A war gargoyle (Vaults:5)
  A green draconian (Depths:4)
  2 deep elf demonologists
  4 dire elephants
  A spark wasp (Spider:1)
  5 eidola
  A yellow draconian (Depths:4)
  2 merfolk javelineers
  10 blizzard demons
  A quicksilver dragon zombie (Crypt:2)
  3 green deaths
  9 ettins
  5 jiangshi
  12 merfolk impalers
  A spriggan zombie (Crypt:1)
  4 fire dragons
  7 deep elf high priests
  A spectral sphinx (Depths:3)
  27 vault guards
  3 entropy weavers
  9 yaktaur captains
  6 ice dragons
  Josephine (D:11)
  A radroach (Spider:2)
  7 great orbs of eyes
  3 ogre magi (Orc:2)
  2 merfolk avatars
  Erica (D:9)
  3 hell beasts
  2 catoblepae
  7 centaur warriors
  3 spriggan air magi
  4 alligator snapping turtles
  A juggernaut simulacrum (Depths:3)
  2 rakshasas
  7 ironbound frosthearts
  2 jorogumos
  7 boulder beetles
  2 death knights (Crypt:1)
  4 hydras
  29 dancing weapons
  5 merfolk aquamancers (Shoals:4)
  2 death yaks (Shoals:4)
  2 deep troll earth magi
  9 vampire magi
  5 hell hogs
  20 demonic crawlers
  A thrashing horror (Abyss:3)
  10 two-headed ogres
  2 orc high priests
  4 spriggan berserkers
  4 tengu warriors
  A shock serpent (shapeshifter) (Vaults:5)
  A holy swine (Shoals:4)
  A titan zombie (Crypt:1)
  15 deep elf knights
  2 spectral emperor scorpions (Spider:2)
  13 hell knights
  6 wretched stars
  4 deep troll shamans
  34 soul eaters
  A storm dragon zombie (Depths:3)
  34 sun demons
  Nergalle (D:12)
  6 sixfirhies
  A titan skeleton (Depths:3)
  21 skeletal warriors
  4 skysharks
  3 shadow wraiths
  9 nameless horrors
  An iron troll (Hell)
  4 pharaoh ants
  A quicksilver dragon simulacrum (Depths:1)
  An orb spider (Abyss:3)
  A spectral iron dragon (Depths:3)
  A glowing orange brain (Depths:2)
  9 arcanists
  A spectral spark wasp (Spider:2)
  4 flayed ghosts
  Lodul (D:11)
  8 sea snakes
  A deep troll (shapeshifter) (Vaults:5)
  46 deep trolls
  15 slime creatures
  14 shadow demons (Pan)
  A spectral jorogumo (Spider:2)
  A spriggan simulacrum (Depths:3)
  A cherub (Shoals:4)
  A glowing orange brain (shapeshifter) (Vaults:5)
  16 ironbound convokers
  A swamp dragon (Abyss:3)
  A bog body (Crypt:2)
  2 shadow dragon zombies (Depths:3)
  A steelbarb worm (Spider:1)
  21 starcursed masses (Abyss:3)
  13 deep elf archers
  An anaconda skeleton (Crypt:1)
  Pikel (D:4)
  9 phantasmal warriors
  29 deep elf pyromancers
  An eye of devastation (shapeshifter) (Vaults:5)
  An obsidian statue (Gauntlet)
  A jorogumo zombie (Crypt:2)
  28 harpies
  2 tengu zombies
  A tengu skeleton (Depths:3)
  4 orc knights
  3 orc sorcerers
  45 ugly things
  A stone giant zombie (Crypt:1)
  9 lindwurms
  22 deep elf zephyrmancers
  A sphinx simulacrum (Depths:3)
  A cyclops (shapeshifter) (Vaults:5)
  13 wolf spiders
  10 manticores
  7 fauns
  10 necromancers
  6 kobold blastminers
  12 cyclopes
  A shadow dragon skeleton (Crypt:1)
  4 meliai
  A centaur zombie (D:14)
  An iron dragon skeleton (Depths:3)
  A spectral radroach (Spider:2)
  2 worldbinders (Abyss:3)
  A stone giant skeleton (Crypt:1)
  13 elephants
  2 apocalypse crabs (Abyss:3)
  A guardian serpent (Abyss:3)
  2 water nymphs (Shoals:1)
  3 rust devils (Pan)
  5 black mambas
  3 merfolk sirens
  21 vault sentinels
  Joseph (D:9)
  An eye of devastation (Abyss:3)
  5 gargoyles
  3 titan simulacra (Depths:3)
  28 smoke demons
  5 orange demons
  3 molten gargoyles (Hell)
  A water nymph (shapeshifter) (Vaults:5)
  A storm dragon simulacrum (Depths:3)
  9 hellions
  3 torpor snails
  11 cane toads
  6 efreet
  An elf zombie (Vaults:2)
  2 unseen horrors
  An unseen horror (shapeshifter) (Depths:1)
  Psyche (D:9)
  40 yaktaurs
  A minotaur zombie (Crypt:2)
  4 rime drakes
  9 freezing wraiths
  8 komodo dragons
  29 large abominations
  3 ancient zymes (Abyss:3)
  An ice devil (Depths:3)
  2 tengu conjurers (Depths:2)
  3 red devils
  A red draconian skeleton (Crypt:1)
  A queen bee (Lair:4)
  2 golden dragon simulacra (Depths:3)
  3 tormentors
  A human skeleton (Vaults:2)
  3 polar bears (Lair:5)
  3 hornets
  11 trolls
  18 merfolk
  36 blink frogs
  A broodmother simulacrum (Spider:2)
  A shadow dragon simulacrum (Depths:3)
  A glass eye (shapeshifter) (Vaults:5)
  5 hellwings
  14 tarantellas
  4 wind drakes
  18 raiju
  4 glass eyes
  Prince Ribbit (D:6)
  A frost giant simulacrum (Vaults:4)
  2 snapping turtles
  26 jumping spiders
  An ettin zombie (Vaults:2)
  6 dream sheep
  A human simulacrum (Vaults:2)
  An iron dragon simulacrum (Depths:3)
  A slime creature (shapeshifter) (Vaults:5)
  A centaur simulacrum (D:14)
  3 air elementals
  2 small abominations (Abyss:3)
  A shadow (D:9)
  11 water elementals
  10 wraiths
  A culicivora (shapeshifter) (Vaults:5)
  14 culicivoras
  A vampire (D:11)
  14 ynoxinuls (Pan)
  2 wargs
  20 yaks
  11 wyverns
  A steam dragon (D:8)
  Grum (D:9)
  8 basilisks
  4 vampire mosquitoes
  12 neqoxecs
  31 redbacks
  12 chaos spawn
  A harpy simulacrum (D:15)
  A glowing shapeshifter zombie (Crypt:1)
  5 acid dragons
  A glowing shapeshifter skeleton (Depths:3)
  Duvessa (D:7)
  14 water moccasins
  A cane toad zombie (Crypt:1)
  4 black bears
  21 orc warriors
  A radroach simulacrum (Spider:2)
  2 ice beasts
  2 ettin simulacra
  2 sky beasts
  9 boggarts
  18 laughing skulls
  20 wolves
  23 ogres
  8 centaurs
  4 lemures
  A phantom (D:4)
  A hog skeleton (Crypt:1)
  7 kobold brigands
  2 brain worms (Abyss:3)
  4 earth elementals
  13 bullfrogs
  7 necrophages
  2 gnoll sergeants
  4 scorpions
  10 wights
  Dowan (D:7)
  23 killer bees
  A spriggan skeleton (Crypt:1)
  7 howler monkeys
  A troll skeleton (Crypt:2)
  4 vampire bats (Lair:5)
  3 crimson imps (Gauntlet)
  5 electric eels
  A quasit (Abyss:3)
  A jelly (D:5)
  Crazy Yiuf (D:5)
  A basilisk skeleton (Crypt:2)
  A gnoll bouda (D:6)
  12 orc priests
  A human zombie (Crypt:1)
  3 iguanas
  A centaur skeleton (Crypt:2)
  24 orc wizards
  A boggart skeleton (Crypt:1)
  An acid dragon skeleton (Crypt:2)
  A hound skeleton (Crypt:1)
  Robin (D:2)
  15 gnolls
  5 adders
  2 white imps
  2 ufetubi (Abyss:3)
  2 ribbon worms (D:2)
  2 dart slugs
  70 orcs
  12 bats
  6 endoplasms
  8 giant cockroaches
  14 goblins
  10 hobgoblins
  4 jackals (D:2)
  5 quokkas
  16 ball pythons
  10 frilled lizards
  28 kobolds
  7 rats
  4 fire vortices (Pan)
  3 fulminant prisms
  A lurking horror (Abyss:3)
  4 starspawn tentacles
2170 creatures vanquished.

Vanquished Creatures (collateral kills)
  3 golden dragons
  2 doom hounds (Hell)
  A Hell Sentinel (Pan)
  A lich (Vaults:5)
  2 tentacled monstrosities
  A deep elf master archer (Elf:3)
  A deep elf blademaster (Elf:3)
  A sphinx (Vaults:5)
  An Executioner (Pan)
  A tentacled starspawn (Abyss:3)
  A storm dragon (Vaults:4)
  Roxanne (D:15)
  2 tengu reavers
  A shadow dragon (Depths:4)
  4 fire giants
  3 frost giants
  A draconian knight (Depths:4)
  2 vault wardens
  A deep elf sorcerer (Elf:3)
  2 emperor scorpions
  A balrug (Depths:3)
  An angel (Shoals:4)
  A ghost moth (Spider:4)
  A deep elf elementalist (Elf:2)
  A demonspawn corrupter (Pan)
  A broodmother (Spider:4)
  3 ironbound thunderhulks
  2 apis (Shoals:4)
  5 stone giants
  7 very ugly things
  6 ironbound preservers
  A green draconian (Depths:4)
  5 dire elephants
  A deep elf annihilator (Elf:3)
  A spark wasp (Spider:4)
  A blizzard demon (Pan)
  An eidolon (Crypt:1)
  A war gargoyle (Vaults:5)
  5 merfolk impalers
  2 ettins
  2 crystal guardians
  5 merfolk javelineers
  4 yaktaur captains
  An iron golem (Hell)
  An entropy weaver (Spider:4)
  2 fire dragons (Depths:4)
  A deep elf high priest (Elf:3)
  A rakshasa (Depths:1)
  An ogre mage (Orc:2)
  3 radroaches (Spider:4)
  4 centaur warriors
  An ironbound frostheart (Vaults:1)
  A jorogumo (Spider:1)
  4 merfolk avatars
  2 death yaks (Shoals:4)
  3 boulder beetles
  4 merfolk aquamancers
  6 two-headed ogres (Orc:2)
  A deep troll shaman (Depths:4)
  2 vampire magi
  A satyr (Shoals:4)
  A spectral storm dragon (Depths:3)
  2 tengu warriors (Depths:1)
  4 dancing weapons (Elf:2)
  3 deep troll earth magi
  A spriggan berserker (Depths:4)
  A hell knight (Vaults:5)
  2 deep elf knights (Elf:2)
  3 crystal echidnas (Hell)
  A skyshark (Shoals:3)
  3 soul eaters (Pan)
  A sun demon (Hell)
  6 iron trolls
  A sea snake (shapeshifter) (Vaults:5)
  5 pharaoh ants
  A glowing orange brain (Vaults:2)
  A skeletal warrior (Crypt:2)
  A storm dragon skeleton (Depths:3)
  2 sun moths
  A spectral broodmother (Spider:2)
  4 sea snakes
  3 cherubim (Shoals:4)
  A deep elf archer (Elf:2)
  8 orb spiders
  15 deep trolls
  A swamp dragon (Abyss:3)
  2 arcanists
  A steelbarb worm (Spider:4)
  4 deep elf pyromancers
  3 ironbound convokers
  An orc knight (Vaults:5)
  5 deep elf zephyrmancers
  An iron dragon zombie (Depths:3)
  8 harpies
  6 wolf spiders
  6 manticores (Shoals:4)
  A necromancer (Depths:3)
  3 cyclopes
  2 fauns (Shoals:4)
  5 ugly things
  2 meliai (Spider:4)
  A spectral radroach (Spider:2)
  3 moths of wrath
  5 merfolk sirens
  An apocalypse crab (Abyss:3)
  A black mamba (Lair:5)
  An eye of devastation (shapeshifter) (Depths:3)
  A kobold blastminer (Orc:1)
  4 torpor snails
  4 vault sentinels
  6 elephants
  A gargoyle (Gauntlet)
  A centaur zombie (D:14)
  3 smoke demons
  3 water nymphs
  2 komodo dragons
  8 yaktaurs
  A spark wasp simulacrum (Spider:2)
  A freezing wraith (Hell)
  15 merfolk
  A sea snake skeleton (Hell)
  A troll (Orc:2)
  A tengu simulacrum (Depths:3)
  10 tarantellas
  A wind drake (Shoals:4)
  3 dream sheep
  7 snapping turtles
  7 blink frogs
  An iron dragon simulacrum (Depths:3)
  12 jumping spiders
  5 water elementals
  An air elemental (Elf:3)
  8 culicivoras
  A dire elephant simulacrum (Abyss:3)
  A wraith (D:11)
  8 yaks
  A wyvern (Lair:4)
  2 fire elementals (Elf:3)
  2 basilisks
  13 redbacks
  A nameless horror (Spider:1)
  3 water moccasins
  2 orc warriors
  An ice beast (shapeshifter) (Vaults:5)
  A radroach simulacrum (Spider:2)
  12 ogres
  2 electric eels
  An orc priest (Orc:1)
  2 orcs
  A starspawn tentacle (Abyss:3)
425 creatures vanquished.

Vanquished Creatures (others)
  A soul eater (Pan)
  2 deep elf knights
  A shadow wraith (Crypt:2)
  A deep elf pyromancer (Elf:2)
  A deep elf zephyrmancer (Elf:3)
  A smoke demon (Pan)
  An unseen horror (D:10)
  A yaktaur (Vaults:5)
  A vampire (D:12)
  A water elemental (Elf:3)
  An orc (Elf:3)
  A kobold (D:3)
  55 fire vortices
  21 fulminant prisms
  A lurking horror (Abyss:3)
  8 starspawn tentacles
98 creatures vanquished.

Grand Total: 2693 creatures vanquished

Notes
Turn   | Place    | Note
-------+----------+-------------------------------------------
     0 | D:1      | Ashen the Gnoll Conjurer began the quest for the Orb.
     0 | D:1      | Reached XP level 1. HP: 13/13 MP: 6/6
    36 | D:1      | Noticed a glass eye
    40 | D:1      | Noticed a shining eye
    42 | D:1      | Found a faded altar of an unknown god.
    54 | D:1      | Noticed a glass eye
    58 | D:1      | Noticed an eye of devastation
   227 | D:1      | Reached XP level 2. HP: 19/19 MP: 5/7
   976 | D:1      | Learned a level 2 spell: Searing Ray
  1041 | D:2      | Reached skill level 5 in Spellcasting
  1041 | D:2      | Reached XP level 3. HP: 25/25 MP: 7/9
  1172 | D:2      | Identified the +2 robe "Tomis" {rElec rC- Will+ Dex+3}
  1256 | D:2      | Reached skill level 1 in Invocations
  1624 | D:2      | Reached skill level 1 in Fighting
  1624 | D:2      | Reached skill level 1 in Short Blades
  1624 | D:2      | Reached skill level 1 in Long Blades
  1624 | D:2      | Reached skill level 1 in Axes
  1624 | D:2      | Reached skill level 1 in Maces & Flails
  1624 | D:2      | Reached skill level 1 in Polearms
  1624 | D:2      | Reached skill level 1 in Staves
  1624 | D:2      | Reached skill level 1 in Ranged Weapons
  1624 | D:2      | Reached skill level 1 in Throwing
  1624 | D:2      | Reached skill level 1 in Armour
  1624 | D:2      | Reached skill level 1 in Shields
  1624 | D:2      | Reached skill level 1 in Unarmed Combat
  1624 | D:2      | Reached skill level 1 in Evocations
  1916 | D:3      | Reached skill level 1 in Shapeshifting
  1916 | D:3      | Reached XP level 4. HP: 32/32 MP: 7/11
  1965 | D:3      | Identified the +1 helmet of Powerful Curiosity {^Drain
                  | rPois rCorr Str+7}
  1965 | D:3      | Noticed Robin
  2030 | D:2      | Killed Robin
  2083 | D:2      | Reached skill level 1 in Hexes
  2083 | D:2      | Reached skill level 1 in Summonings
  2083 | D:2      | Reached skill level 1 in Necromancy
  2083 | D:2      | Reached skill level 1 in Translocations
  2083 | D:2      | Reached skill level 1 in Fire Magic
  2083 | D:2      | Reached skill level 1 in Ice Magic
  2083 | D:2      | Reached skill level 1 in Air Magic
  2083 | D:2      | Reached skill level 1 in Earth Magic
  2083 | D:2      | Reached skill level 1 in Alchemy
  2208 | D:3      | You fall into a shaft and drop 1 floor!
  2240 | D:4      | Noticed a phantom
  2259 | D:4      | Found a glowing drain.
  2263 | Sewer    | Entered a sewer
  2315 | Sewer    | Learned a level 4 spell: Iskenderun's Mystic Blast
  2366 | Sewer    | Noticed a kobold brigand
  2459 | Sewer    | Killed a kobold brigand
  2460 | Sewer    | Reached XP level 5. HP: 22/37 MP: 2/12
  2860 | D:4      | Killed a phantom
  2861 | D:4      | Reached skill level 5 in Dodging
  2861 | D:4      | Reached skill level 2 in Invocations
  2861 | D:4      | Reached XP level 6. HP: 30/44 MP: 14/14
  3048 | D:4      | HP: 2/44 [gnoll/+0 spear (1)]
  3290 | D:3      | Found Vipal's General Store.
  3302 | D:3      | Bought a scroll of vulnerability for 44 gold pieces
  3302 | D:3      | Bought a scroll of immolation for 44 gold pieces
  3302 | D:3      | Bought a potion of curing for 33 gold pieces
  3434 | D:3      | Identified the +2 pair of gloves of the Lizard {rN++ Str-3
                  | Slay+4 SInv}
  3728 | D:3      | Found a snail-covered altar of Cheibriados.
  3728 | D:3      | Found a shimmering altar of Xom.
  3730 | D:3      | Found a shimmering blue altar of Sif Muna.
  3730 | D:3      | Found a sacrificial altar of Ru.
  3738 | D:3      | Became a worshipper of Cheibriados the Contemplative
  3923 | D:4      | Noticed Pikel
  4178 | D:4      | Found Tiang's Serpentskin Sales.
  4178 | D:4      | Noticed a water moccasin
  4193 | D:4      | Killed a water moccasin
  4194 | D:4      | Reached XP level 7. HP: 26/51 MP: 11/15
  4198 | D:4      | Bought a scroll of poison for 48 gold pieces
  4680 | D:4      | Killed Pikel
  4681 | D:4      | Reached skill level 5 in Stealth
  4681 | D:4      | Reached skill level 3 in Invocations
  4681 | D:4      | Reached XP level 8. HP: 58/58 MP: 3/17
  4788 | D:4      | Reached * piety under Cheibriados
  4916 | D:5      | Entered Level 5 of the Dungeon
  4988 | D:5      | Found a shadowy altar of Dithmenos.
  5015 | D:5      | Found an ancient bone altar of Kikubaaqudgha.
  5185 | D:5      | Found a staircase to the Ecumenical Temple.
  5326 | D:5      | Found a burning altar of Makhleb.
  5513 | D:5      | Found a white marble altar of Elyvilon.
  5599 | D:5      | Found a basalt altar of Yredelemnul.
  5644 | D:5      | Reached ** piety under Cheibriados
  5813 | D:5      | Found a runed translucent door.
  5814 | D:5      | Noticed Crazy Yiuf
  5822 | D:5      | Learned a level 4 spell: Fulminant Prism
  5827 | D:5      | Killed Crazy Yiuf
  6066 | D:6      | Noticed Prince Ribbit
  6082 | D:6      | Killed Prince Ribbit
  6083 | D:6      | Reached skill level 4 in Invocations
  6178 | D:6      | Reached XP level 9. HP: 65/65 MP: 18/18
  6365 | D:6      | Found Ongor's Antique Armour Emporium.
  6405 | D:6      | Found a glowing silver altar of Zin.
  6415 | D:6      | Identified the +3 ring mail "Momneewkot" {Int+6}
  6829 | D:6      | Bought a runed buckler for 195 gold pieces
  7134 | D:7      | Noticed Dowan
  7135 | D:7      | Noticed Duvessa
  7141 | D:7      | Killed Duvessa
  7146 | D:7      | Killed Dowan
  7176 | D:7      | Found The Oracle's Delphic Readings.
  7181 | D:7      | Reached skill level 5 in Invocations
  7234 | D:7      | Reached *** piety under Cheibriados
  7579 | D:7      | Found an ornate altar of the Wu Jian Council.
  7669 | D:8      | Noticed an unseen horror
  7681 | D:8      | Killed an unseen horror
  7716 | D:8      | Reached skill level 5 in Fighting
  7716 | D:8      | Reached skill level 5 in Short Blades
  7716 | D:8      | Reached skill level 5 in Long Blades
  7716 | D:8      | Reached skill level 5 in Axes
  7716 | D:8      | Reached skill level 5 in Maces & Flails
  7716 | D:8      | Reached skill level 5 in Polearms
  7716 | D:8      | Reached skill level 5 in Staves
  7716 | D:8      | Reached skill level 5 in Ranged Weapons
  7716 | D:8      | Reached skill level 5 in Throwing
  7716 | D:8      | Reached skill level 5 in Armour
  7716 | D:8      | Reached skill level 5 in Shields
  7716 | D:8      | Reached skill level 5 in Unarmed Combat
  7716 | D:8      | Reached skill level 5 in Evocations
  7716 | D:8      | Reached XP level 10. HP: 40/74 MP: 20/20
  7947 | D:8      | Found a sparkling altar of Nemelex Xobeh.
  8039 | D:8      | Found a staircase to the Lair.
  8203 | D:8      | Reached skill level 6 in Invocations
  8232 | D:8      | Reached **** piety under Cheibriados
  8233 | D:8      | Reached skill level 5 in Shapeshifting
  8767 | D:9      | Noticed Joseph
  8800 | D:9      | Killed Joseph
  8904 | D:9      | Reached ***** piety under Cheibriados
  8905 | D:9      | Reached skill level 5 in Hexes
  8905 | D:9      | Reached skill level 5 in Summonings
  8905 | D:9      | Reached skill level 5 in Necromancy
  8905 | D:9      | Reached skill level 5 in Translocations
  8905 | D:9      | Reached skill level 5 in Fire Magic
  8905 | D:9      | Reached skill level 5 in Ice Magic
  8905 | D:9      | Reached skill level 5 in Air Magic
  8905 | D:9      | Reached skill level 5 in Earth Magic
  8905 | D:9      | Reached skill level 5 in Alchemy
  8905 | D:9      | Reached XP level 11. HP: 54/81 MP: 16/23
  9081 | D:9      | Noticed Erica
  9090 | D:9      | Killed Erica
  9091 | D:9      | Reached skill level 7 in Invocations
  9147 | D:9      | Noticed Psyche
  9150 | D:9      | Killed Psyche
  9224 | D:9      | Noticed Grum
  9235 | D:9      | Killed Grum
  9777 | D:10     | Entered Level 10 of the Dungeon
  9781 | D:10     | Found an opulent altar of Gozag.
 10157 | D:10     | Found an iron altar of Okawaru.
 10200 | D:10     | Noticed a two-headed ogre
 10211 | D:10     | Killed a two-headed ogre
 10212 | D:10     | Reached XP level 12. HP: 33/91 MP: 13/24
 10413 | D:10     | Found a staircase to the Orcish Mines.
 10540 | D:10     | Found a stormy altar of Qazlal.
 10635 | D:10     | Found a glowing golden altar of the Shining One.
 10699 | D:10     | Noticed a two-headed ogre
 10708 | D:10     | Killed a two-headed ogre
 10709 | D:10     | Reached skill level 8 in Invocations
 11028 | D:10     | Learned a level 6 spell: Death Channel
 11143 | D:7      | Bought a scroll of teleportation for 30 gold pieces
 11143 | D:7      | Bought a scroll of enchant armour for 75 gold pieces
 11143 | D:7      | Bought a scroll of identify for 20 gold pieces
 11143 | D:7      | Bought a scroll of butterflies for 40 gold pieces
 11235 | Lair:1   | Entered Level 1 of the Lair of Beasts
 11256 | Lair:1   | Reached ****** piety under Cheibriados
 12261 | Lair:2   | Identified the ring of Lubbun {rCorr Int+3}
 12275 | Lair:2   | Noticed a catoblepas
 12288 | Lair:2   | Killed a catoblepas
 12481 | Lair:2   | Found the +5 demon whip "Spellbinder" {antimagic, disrupt,
                  | Will+}
 13002 | Lair:2   | Learned a level 2 spell: Blink
 13144 | Lair:3   | You fall into a shaft and drop 1 floor!
 13224 | Lair:4   | Noticed a skyshark
 13334 | Lair:4   | Reached XP level 13. HP: 98/98 MP: 26/26
 13356 | Lair:4   | Reached skill level 9 in Invocations
 13367 | Lair:4   | Reached skill level 10 in Conjurations
 13985 | Lair:4   | Reached skill level 10 in Spellcasting
 14201 | Lair:3   | Found a hole to the Spider Nest.
 14624 | Lair:3   | Noticed a fire dragon
 15116 | Lair:3   | Found a staircase to the Shoals.
 15631 | Lair:4   | Reached skill level 10 in Dodging
 15765 | Lair:5   | Entered Level 5 of the Lair of Beasts
 15877 | Lair:5   | Reached skill level 10 in Stealth
 15904 | Lair:5   | Reached XP level 14. HP: 64/108 MP: 26/28
 16081 | Lair:5   | Reached skill level 10 in Invocations
 16081 | Lair:5   | Noticed a dire elephant
 16097 | Lair:5   | Killed a dire elephant
 16592 | Lair:5   | Found a staircase to the Slime Pits.
 18120 | Orc:1    | Entered Level 1 of the Orcish Mines
 18526 | Orc:2    | Entered Level 2 of the Orcish Mines
 18758 | Orc:2    | Reached skill level 10 in Fighting
 18758 | Orc:2    | Reached skill level 10 in Short Blades
 18758 | Orc:2    | Reached skill level 10 in Long Blades
 18758 | Orc:2    | Reached skill level 10 in Axes
 18758 | Orc:2    | Reached skill level 10 in Maces & Flails
 18758 | Orc:2    | Reached skill level 10 in Polearms
 18758 | Orc:2    | Reached skill level 10 in Staves
 18758 | Orc:2    | Reached skill level 10 in Ranged Weapons
 18758 | Orc:2    | Reached skill level 10 in Throwing
 18758 | Orc:2    | Reached skill level 10 in Armour
 18758 | Orc:2    | Reached skill level 10 in Shields
 18758 | Orc:2    | Reached skill level 10 in Unarmed Combat
 18758 | Orc:2    | Reached skill level 10 in Evocations
 18773 | Orc:2    | Reached XP level 15. HP: 109/115 MP: 27/30
 18781 | Orc:2    | Reached skill level 11 in Invocations
 19051 | Orc:2    | Found Buforeyz's Jewellery Shop.
 19052 | Orc:2    | Found Ralustiw's Distillery.
 19052 | Orc:2    | Found Ylagise's Armour Boutique.
 19052 | Orc:2    | Found Zamasuha's Weapon Shoppe.
 19074 | Orc:2    | Bought a potion of heal wounds for 85 gold pieces
 19074 | Orc:2    | Bought a potion of magic for 136 gold pieces
 19074 | Orc:2    | Bought 2 potions of curing for 102 gold pieces
 19074 | Orc:2    | Bought a potion of ambrosia for 136 gold pieces
 19074 | Orc:2    | Bought a potion of heal wounds for 85 gold pieces
 19077 | Orc:2    | Bought an amulet of regeneration for 450 gold pieces
 19154 | Orc:2    | Found Beofi's Antique Armour Boutique.
 19155 | Orc:2    | Found a staircase to the Elven Halls.
 19655 | D:11     | Noticed Lodul
 19666 | D:11     | Killed Lodul
 19705 | D:11     | Found a gate leading to a gauntlet.
 19713 | Gauntlet | Entered a Gauntlet
 19713 | Gauntlet | Found a transporter.
 19713 | Gauntlet | Found a transporter.
 19714 | Gauntlet | Found a transporter.
 19715 | Gauntlet | Found a transporter.
 19715 | Gauntlet | Found a transporter.
 19718 | Gauntlet | Found a transporter.
 19725 | Gauntlet | Found a transporter.
 19726 | Gauntlet | Found a transporter.
 19727 | Gauntlet | Found a transporter.
 19729 | Gauntlet | Found a transporter.
 19737 | Gauntlet | Found a transporter.
 19738 | Gauntlet | Found a transporter.
 19908 | Gauntlet | Identified the +0 helmet of the Harp {rElec rCorr Int-3
                  | Dex+5}
 20006 | Gauntlet | Found the +0 pair of fencer's gloves {Riposte Dex+3}
 20016 | Gauntlet | Reached XP level 16. HP: 124/124 MP: 31/31
 20124 | D:11     | Noticed Josephine
 20132 | D:11     | Killed Josephine
 20744 | D:12     | Noticed Nergalle
 20754 | D:12     | Killed Nergalle
 20755 | D:12     | Noticed Gastronok
 20770 | D:12     | Killed Gastronok
 20945 | D:12     | Reached skill level 10 in Shapeshifting
 21112 | D:12     | Noticed a storm dragon
 21158 | D:12     | Killed a storm dragon
 22154 | D:13     | Found a gate to the Vaults.
 22258 | D:13     | Identified the +2 leather armour of the Quiescent God
                  | {Regen+ Stlth+}
 22678 | D:14     | Found a runed translucent gate.
 22678 | D:14     | Found a runed translucent gate.
 22678 | D:14     | Found a runed translucent gate.
 22683 | D:14     | Noticed Liuraseu's ghost (journeyman MiBe)
 22753 | D:14     | Reached skill level 12 in Invocations
 23155 | D:14     | Reached XP level 17. HP: 131/131 MP: 26/33
 23339 | D:14     | Found a basalt altar of Yredelemnul.
 23416 | D:15     | Entered Level 15 of the Dungeon
 23436 | D:15     | Found a shimmering altar of Xom.
 23437 | D:15     | Found a shimmering altar of Xom.
 23447 | D:15     | Found a shimmering altar of Xom.
 23842 | D:15     | Noticed Roxanne
 23850 | D:15     | Killed Roxanne
 24062 | D:15     | Found a staircase to the Depths.
 24507 | Shoals:1 | Entered Level 1 of the Shoals
 24540 | Shoals:1 | Noticed Frances
 24581 | Shoals:1 | Killed Frances
 24676 | Shoals:1 | Learned a level 5 spell: Summon Mana Viper
 24684 | Shoals:1 | Learned a level 7 spell: Monstrous Menagerie
 24692 | Shoals:1 | Learned a level 7 spell: Summon Hydra
 25017 | Shoals:1 | Identified the +8 hand cannon "Dalion" {drain, ^Fragile
                  | rPois rC+ Str+4}
 26268 | Shoals:2 | Reached skill level 10 in Hexes
 26268 | Shoals:2 | Reached skill level 10 in Summonings
 26268 | Shoals:2 | Reached skill level 10 in Necromancy
 26268 | Shoals:2 | Reached skill level 10 in Translocations
 26268 | Shoals:2 | Reached skill level 10 in Fire Magic
 26268 | Shoals:2 | Reached skill level 10 in Ice Magic
 26268 | Shoals:2 | Reached skill level 10 in Air Magic
 26268 | Shoals:2 | Reached skill level 10 in Earth Magic
 26268 | Shoals:2 | Reached skill level 10 in Alchemy
 26622 | Shoals:2 | Found Nemn's General Store.
 26909 | Shoals:3 | Found Leikhuutt's Antique Weapon Emporium.
 26978 | Shoals:2 | Bought a wand of iceblast (2) for 91 gold pieces
 27056 | Shoals:3 | Reached skill level 13 in Invocations
 27757 | Shoals:3 | Reached XP level 18. HP: 140/140 MP: 28/35
 28117 | Shoals:4 | Entered Level 4 of the Shoals
 28619 | Shoals:4 | Found a white marble altar of Elyvilon.
 28804 | Shoals:4 | Found a glowing silver altar of Zin.
 29101 | Shoals:4 | Identified the +6 mace of a Gauntlet {heavy, Will+ Str+2
                  | Int-2 Stlth+}
 29595 | Shoals:4 | Identified the +5 rapier "Goij" {elec, rElec Will+}
 29774 | Shoals:4 | Got a barnacled rune of Zot
 30098 | Shoals:4 | Found a glowing golden altar of the Shining One.
 30123 | Shoals:4 | Got the Excursus on Embers and the Plateau
 30357 | Shoals:4 | Found a white marble altar of Elyvilon.
 30504 | Shoals:4 | Found a glowing golden altar of the Shining One.
 30551 | Shoals:4 | Found a glowing silver altar of Zin.
 30883 | Spider:1 | Entered Level 1 of the Spider Nest
 30953 | Spider:1 | Reached XP level 19. HP: 144/147 MP: 16/36
 31035 | Spider:1 | Reached skill level 14 in Invocations
 31586 | Spider:1 | Identified the staff of Nomielugg {rF+ Str+4 Fire}
 31760 | Spider:2 | Identified the ring "Emokkup" {rElec Will+ Dex+3}
 31941 | Spider:2 | Gained mutation: You occasionally lose the ability to read
                  | scrolls when taking damage. [mutagenic glow]
 31945 | Spider:2 | Gained mutation: You occasionally shout uncontrollably at
                  | your foes. [mutagenic glow]
 31959 | Spider:2 | Lost mutation: You occasionally shout uncontrollably at
                  | your foes. [potion of mutation]
 31959 | Spider:2 | Lost mutation: You occasionally lose the ability to read
                  | scrolls when taking damage. [potion of mutation]
 31959 | Spider:2 | Gained mutation: You have sharp toenails. [potion of
                  | mutation]
 31959 | Spider:2 | Gained mutation: You have a pair of small horns on your
                  | head. [potion of mutation]
 31959 | Spider:2 | Gained mutation: You occasionally lose the ability to drink
                  | potions when taking damage. [potion of mutation]
 31959 | Spider:2 | Gained mutation: You have razor-sharp toenails. [potion of
                  | mutation]
 32399 | Spider:2 | Found a runed translucent gate.
 32401 | Spider:2 | Found a runed translucent gate.
 32404 | Spider:2 | Found a runed translucent gate.
 32642 | Spider:2 | Noticed emikaela's ghost (adept DrRe)
 33043 | Spider:3 | Identified the +5 chain mail "Iskeaps" {Will+}
 33578 | Spider:4 | Entered Level 4 of the Spider Nest
 34590 | Spider:4 | Reached XP level 20. HP: 157/157 MP: 23/38
 34657 | Spider:4 | Got a gossamer rune of Zot
 35212 | Orc:2    | Bought a +1 ring mail of willpower for 208 gold pieces
 35252 | Elf:1    | Entered Level 1 of the Elven Halls
 35328 | Elf:1    | Found a runed translucent door.
 35332 | Elf:1    | Noticed Arcadio's ghost (journeyman TrGl)
 35842 | Elf:1    | Reached skill level 15 in Invocations
 36678 | Elf:2    | Found a huge runed translucent gate.
 36678 | Elf:2    | Found a huge runed translucent gate.
 36681 | Elf:2    | Found a huge runed translucent gate.
 36681 | Elf:2    | Found a huge runed translucent gate.
 36682 | Elf:2    | Found a huge runed translucent gate.
 37745 | Elf:3    | Entered Level 3 of the Elven Halls
 37797 | Elf:3    | Reached skill level 15 in Spellcasting
 38163 | Elf:3    | Reached skill level 15 in Dodging
 38299 | Elf:3    | Reached XP level 21. HP: 126/166 MP: 34/40
 38527 | Elf:3    | Found a transporter.
 38532 | Elf:3    | Found Laqohach's Assorted Antiques.
 38534 | Elf:3    | Found a transporter.
 38692 | Elf:3    | Identified the +6 morningstar "Deesim" {antimagic, rPois
                  | Will+}
 38783 | Elf:3    | Reached skill level 15 in Stealth
 38976 | Elf:3    | Identified the +3 dagger "Kugagoti" {antimagic, rElec rN+}
 39206 | Elf:3    | Identified the +1 ring mail of the Ten Leylines {^Drain Fly
                  | rElec rPois}
 39449 | Elf:3    | Identified the +6 mace of Cheibriados's Grace {flame,
                  | *Noise rCorr Dex+4}
 40312 | Vaults:1 | Entered Level 1 of the Vaults
 40625 | Vaults:1 | Reached skill level 16 in Invocations
 41686 | Vaults:1 | Reached skill level 15 in Fighting
 41686 | Vaults:1 | Reached skill level 15 in Short Blades
 41686 | Vaults:1 | Reached skill level 15 in Long Blades
 41686 | Vaults:1 | Reached skill level 15 in Axes
 41686 | Vaults:1 | Reached skill level 15 in Maces & Flails
 41686 | Vaults:1 | Reached skill level 15 in Polearms
 41686 | Vaults:1 | Reached skill level 15 in Staves
 41686 | Vaults:1 | Reached skill level 15 in Ranged Weapons
 41686 | Vaults:1 | Reached skill level 15 in Throwing
 41686 | Vaults:1 | Reached skill level 15 in Armour
 41686 | Vaults:1 | Reached skill level 15 in Shields
 41686 | Vaults:1 | Reached skill level 15 in Unarmed Combat
 41686 | Vaults:1 | Reached skill level 15 in Evocations
 42556 | Elf:3    | Lost mutation: You occasionally lose the ability to drink
                  | potions when taking damage. [potion of mutation]
 42556 | Elf:3    | Lost mutation: You have razor-sharp toenails. [potion of
                  | mutation]
 42556 | Elf:3    | Lost mutation: You have a pair of small horns on your head.
                  | [potion of mutation]
 42556 | Elf:3    | Gained mutation: Your spells are a little easier to cast,
                  | but a little less powerful. [potion of mutation]
 42556 | Elf:3    | Gained mutation: You are strong-willed. (Will+) [potion of
                  | mutation]
 42914 | Spider:2 | Killed emikaela's ghost
 42944 | Spider:2 | Reached XP level 22. HP: 146/174 MP: 3/41
 42980 | Spider:2 | Learned a level 8 spell: Ignition
 44561 | Vaults:2 | Identified the +0 leather armour of Poor Excuses {Str+3}
 44570 | Vaults:2 | Found Zocruov's Book Shop.
 44669 | Vaults:2 | Noticed Mara
 44679 | Vaults:2 | Killed Mara
 44784 | Vaults:2 | Paralysed by a formless jellyfish for 1 turns
 45513 | Vaults:3 | Identified the +9 great sword of Success {freeze, rPois
                  | Will+ MP+9 Str+3}
 46619 | Vaults:3 | Found a staircase to the Crypt.
 46630 | Vaults:3 | Reached skill level 17 in Invocations
 46927 | Vaults:4 | Reached skill level 15 in Conjurations
 47012 | Vaults:4 | Reached XP level 23. HP: 183/183 MP: 43/43
 48432 | Depths:1 | Entered Level 1 of the Depths
 48490 | Depths:1 | Found a one-way gate leading to the halls of Pandemonium.
 48499 | Depths:1 | Found a flickering gateway to a bazaar.
 48508 | Bazaar   | Entered a bazaar
 48509 | Bazaar   | Found Yczodaerusk's Book Boutique.
 48538 | Bazaar   | Found Jighomiz's Armour Boutique.
 48538 | Bazaar   | Found Ukhlok's Weapon Boutique.
 48539 | Bazaar   | Found Deloricsa's Distillery.
 48569 | Bazaar   | Bought a potion of lignification for 42 gold pieces
 48569 | Bazaar   | Bought a potion of curing for 42 gold pieces
 48569 | Bazaar   | Bought a potion of curing for 42 gold pieces
 48569 | Bazaar   | Bought a potion of curing for 42 gold pieces
 48569 | Bazaar   | Bought a potion of curing for 42 gold pieces
 48569 | Bazaar   | Bought a potion of mutation for 112 gold pieces
 48574 | Bazaar   | Bought a book of Dangerous Friends for 420 gold pieces
 48574 | Bazaar   | Bought the Unrestrained Analects for 440 gold pieces
 48584 | Bazaar   | Learned a level 7 spell: Orb of Destruction
 48592 | Bazaar   | Learned a level 7 spell: Spellforged Servitor
 48637 | Depths:1 | Found a hide-covered altar of Uskayaw.
 49030 | Depths:1 | Found Aruace Xafil's Armour Shop.
 49037 | Depths:1 | Found Amaed's Distillery.
 49115 | Depths:1 | Bought a potion of heal wounds for 80 gold pieces
 49115 | Depths:1 | Bought a potion of experience for 800 gold pieces
 49115 | Depths:1 | Bought a potion of curing for 48 gold pieces
 49115 | Depths:1 | Bought a potion of berserk rage for 80 gold pieces
 49115 | Depths:1 | Reached XP level 24. HP: 191/191 MP: 43/43
 49161 | Depths:1 | Found a gateway to Hell.
 49181 | Depths:1 | Reached skill level 15 in Shapeshifting
 49611 | Depths:2 | Found Xeosuam's Weapon Shop.
 49613 | Depths:2 | Found Ziekka's Magic Scroll Boutique.
 49625 | Depths:2 | Bought a scroll of enchant armour for 97 gold pieces
 49625 | Depths:2 | Bought a scroll of fog for 52 gold pieces
 49625 | Depths:2 | Bought a scroll of teleportation for 39 gold pieces
 49625 | Depths:2 | Bought a scroll of teleportation for 39 gold pieces
 49625 | Depths:2 | Bought a scroll of amnesia for 52 gold pieces
 49625 | Depths:2 | Bought a scroll of fear for 52 gold pieces
 49822 | Depths:2 | Found Huupi's Magic Scroll Boutique.
 49885 | Depths:2 | Bought 2 scrolls of enchant weapon for 225 gold pieces
 49885 | Depths:2 | Bought a scroll of brand weapon for 142 gold pieces
 49885 | Depths:2 | Bought a scroll of revelation for 112 gold pieces
 50212 | Depths:2 | Noticed a caustic shrike
 50218 | Depths:2 | Noticed a juggernaut
 50573 | Depths:2 | Killed a juggernaut
 50610 | Depths:2 | Noticed a caustic shrike
 50707 | Depths:3 | Identified the orb of Ekheqisk {light, Harm rCorr Str-3}
 50707 | Depths:3 | Noticed Frederick
 50713 | Depths:3 | Killed Frederick
 51080 | Depths:2 | Noticed a juggernaut
 51095 | Depths:2 | Killed a juggernaut
 51209 | Depths:3 | Found Ysinloitt's Book Boutique.
 51209 | Depths:3 | Found Teidd's Jewellery Shoppe.
 51210 | Depths:3 | Found Qaiqytun's Book Boutique.
 51283 | Depths:3 | Reached XP level 25. HP: 199/199 MP: 25/44
 51698 | Depths:3 | Found a one-way gate to the infinite horrors of the Abyss.
 51748 | Depths:3 | Reached skill level 18 in Invocations
 52891 | Depths:3 | Found an ancient bone altar of Kikubaaqudgha.
 52994 | Depths:3 | You fall into a shaft and drop 1 floor!
 52994 | Depths:4 | Entered Level 4 of the Depths
 53159 | Depths:4 | Noticed Sojobo
 53482 | Depths:3 | Identified the +6 chain mail of Kailalay {*Slow rF+ Will++
                  | Slay+2}
 53923 | Depths:4 | Killed Sojobo
 54404 | Depths:4 | Found a one-way gateway to a ziggurat.
 54586 | Depths:3 | Identified the +2 quarterstaff of Inconvenience {antimagic,
                  | rElec Int+2 Dex-3}
 54598 | Depths:4 | Found a gate to the Realm of Zot.
 55172 | Crypt:1  | Entered Level 1 of the Crypt
 55866 | Crypt:1  | Noticed Margery
 55906 | Crypt:1  | Killed Margery
 56232 | Crypt:1  | Noticed Zenata
 56252 | Crypt:1  | Killed Zenata
 56253 | Crypt:1  | Reached XP level 26. HP: 135/208 MP: 28/44
 56338 | Crypt:1  | Noticed Jory
 56351 | Crypt:1  | Killed Jory
 56737 | Crypt:2  | Noticed Xtahua
 56743 | Crypt:2  | Killed Xtahua
 58271 | Crypt:2  | Identified the +0 pair of gloves of Red Happiness {rPois
                  | rF+ Str+2}
 58679 | Crypt:1  | Found a basalt altar of Yredelemnul.
 58996 | Vaults:4 | Learned a level 7 spell: Ozocubu's Refrigeration
 58997 | Vaults:5 | Entered Level 5 of the Vaults
 59111 | Vaults:5 | Reached skill level 19 in Invocations
 59336 | Vaults:5 | Reached skill level 15 in Hexes
 59336 | Vaults:5 | Reached skill level 15 in Summonings
 59336 | Vaults:5 | Reached skill level 15 in Necromancy
 59336 | Vaults:5 | Reached skill level 15 in Translocations
 59336 | Vaults:5 | Reached skill level 15 in Fire Magic
 59336 | Vaults:5 | Reached skill level 15 in Ice Magic
 59336 | Vaults:5 | Reached skill level 15 in Air Magic
 59336 | Vaults:5 | Reached skill level 15 in Earth Magic
 59336 | Vaults:5 | Reached skill level 15 in Alchemy
 59542 | Vaults:5 | Identified the +0 quarterstaff of Esotuc Fuke {flame,
                  | +Blink rC- rN++ Str+4}
 59820 | Vaults:5 | Identified the +5 broad axe of the Dragonfly {venom, rF+
                  | Int+2}
 60184 | Vaults:5 | Identified the +0 scale mail of the Pits of Slime {*Corrode
                  | rN+ Will+ Str+3}
 60261 | Vaults:5 | Identified the staff "Qylu" {^Fragile rPois rC+ rN+ Necro}
 60327 | Vaults:5 | Found Daopteol's General Store.
 60332 | Vaults:5 | Bought a potion of heal wounds for 100 gold pieces
 60332 | Vaults:5 | Bought a potion of heal wounds for 100 gold pieces
 60543 | Vaults:5 | Got a silver rune of Zot
 61192 | Vaults:5 | Identified the ring "Cehof" {^Drain rElec rC+ Will+}
 61211 | Vaults:5 | Identified the +17 plate armour of Magic {^Contam +Inv
                  | MP+9}
 61646 | Zot:1    | Entered Level 1 of the Realm of Zot
 61713 | Depths:4 | Voluntarily entered the Abyss.
 61739 | Abyss:1  | Found a corrupted altar of Lugonu.
 61819 | Abyss:2  | Reached XP level 27. HP: 204/217 MP: 45/45
 61855 | Abyss:2  | Found a sacrificial altar of Ru.
 61867 | Abyss:2  | Found a sacrificial altar of Ru.
 62251 | Depths:4 | Escaped the Abyss
 62362 | Depths:4 | Voluntarily entered the Abyss.
 62405 | Abyss:3  | Identified the +0 tower shield of Ustryo {Str+6}
 62538 | Abyss:3  | Got an abyssal rune of Zot
 62668 | Abyss:3  | Paralysed by accursed screaming for 1 turns
 62674 | Abyss:3  | Paralysed by accursed screaming for 1 turns
 62926 | Depths:4 | Escaped the Abyss
 63775 | Vaults:2 | Bought the Elucidation of Hurting for 680 gold pieces
 63785 | Vaults:2 | Learned a level 9 spell: Fire Storm
 64033 | Depths:3 | Bought a book of Ice for 850 gold pieces
 64090 | Hell     | Entered the Vestibule of Hell
 64092 | Hell     | Noticed Geryon
 64228 | Hell     | Killed Geryon
 65331 | Depths:2 | Identified a scroll of acquirement
 65361 | Depths:2 | Acquired a Grand Grimoire
 65388 | Pan      | Entered Pandemonium
 65417 | Pan      | Reached skill level 20 in Invocations
 65511 | Pan      | Found a runed translucent door.
 66169 | Pan      | Found a runed translucent door.
 66175 | Pan      | Found a runed translucent door.
 66220 | Pan      | Found an exit through the horrors of the Abyss.
 66237 | Pan      | Found a runed translucent door.
 66785 | Pan      | Noticed Zavoiv the pandemonium lord
 66798 | Pan      | Killed Zavoiv the pandemonium lord
 66918 | Pan      | Found an exit through the horrors of the Abyss.
 67069 | Pan      | Identified the +6 plate armour of Onovuagg {Harm rPois
                  | rN+++ Str-3}
 67132 | Pan      | Noticed Xait the pandemonium lord
 67136 | Pan      | Killed Xait the pandemonium lord
 68645 | Pan      | Lost mutation: You are strong-willed. (Will+) [a neqoxec]
 68650 | Pan      | Reached skill level 21 in Invocations
 69038 | Pan      | Got a demonic rune of Zot
 69048 | Pan      | Noticed Moogh the pandemonium lord
 69185 | Pan      | Found an exit through the horrors of the Abyss.
 69509 | Pan      | Identified the +0 leather armour of the Flute {Str+3}
 69682 | Pan      | Killed Moogh the pandemonium lord
 70511 | Pan      | Entered the realm of Gloorx Vloq.
 70764 | Pan      | HP: 20/442 [something (17)]
 70765 | Pan      | HP: 9/442 [Executioner (13)]
 70765 | Pan      | Slain by an Executioner

Illustrated notes

Levels and vault maps discovered:
D:1:      minmay_arrival_cross, layout_rooms,
          hellmonk_ecumenical_altar_watching_god, minivault_4,
          serial_bayou_pond_c, nicolae_figureground_pulse
D:2:      layout_basic
D:3:      layout_loops_ring, mainiacjoe_overflow_alcove_3, serial_shops,
          nicolae_shop_hallway_plus, uniq_robin
D:4:      layout_basic, gup_sewer_entry_bowl, guppyfry_shop_venom, uniq_pikel
D:5:      layout_loops_ring, kennysheep_ying_yang, old_standard_altar,
          mainiacjoe_overflow_catwalk_spiral,
          minmay_temple_entry_statues_fountains, uniq_crazy_yiuf_cottage
D:6:      layout_rooms, lemuel_doored_altar, serial_shops, shop,
          uniq_prince_ribbit1
D:7:      layout_gridville, kennysheep_mini, nicolae_nh_oracle_at_delphi,
          uniq_duvessa
D:8:      layout_basic, general_overflow_altar, minmay_lair_entry_grove,
          minivault_4, nicolae_houndstooth_variations
D:9:      layout_gridville, onia_ninara_cookie, uniq_erica, uniq_grum,
          uniq_psyche, uniq_joseph
D:10:     layout_basic, mainiacjoe_overflow_small_starburst,
          hellmonk_okawaru_the_only_friend_you_need, grunt_qazlal_sundering,
          amcnicky_altar_gilded, minmay_orc_entry_temple_small,
          kennysheep_generic_room_2
D:11:     layout_loops_ring, gauntlet_entry_generic, minmay_misc_feat_tower,
          uniq_josephine, uniq_lodul
D:12:     layout_stronghold, kennysheep_four_rooms, uniq_nergalle,
          uniq_gastronok
D:13:     layout_basic, david_vaults_5
D:14:     layout_layer_cave, maelrawn_ghost_gauntlet_escape,
          lemuel_zombie_altar_yredelemnul
D:15:     grunt_enter_depths_hoard, layout_irregular_city,
          minmay_misc_feat_roman, xom_redecorated, uniq_roxanne
Lair:1:   layout_gridlike, grunt_megastairs_5, serial_bayou_shore_a
Lair:2:   layout_cave_pods, minivault_24, minivault_11, roderic_carrion_pond
Lair:3:   dragon1_lemuel, layout_layer_cave, mainiacjoe_shoals_entry_four_pools,
          spider_nest_entry_web_field
Lair:4:   layout_cave_pods, special_room [special_room_bee], minivault_24,
          grunt_megastairs_4
Lair:5:   gammafunk_lair_ancient_temple, layout_cave_pods, slime_entry_1,
          st_stairs_5, serial_bayou_lagoon_a, roderic_batcave,
          serial_bayou_shore_b
Shoals:1: layout_shoals, nicolae_shoals_the_drawing_of_the_three, uniq_frances
Shoals:2: layout_shoals, serial_shops, nicolae_take_the_stairs
Shoals:3: layout_shoals, serial_shops, nicolae_shop_crystal
Shoals:4: shoals_end_hellmonk_holy_island
Spider:1: layout_spider_delve, nicolae_spider_not_touching_you
Spider:2: layout_spider_delve, gammafunk_ghost_necromancy
Spider:3: nicolae_spider_jumping_over_cracks [nicolae_spider_jumping_sub_lake,
          nicolae_spider_jumping_sub_lake, nicolae_spider_jumping_sub_offset,
          nicolae_spider_jumping_sub_grid]
Spider:4: hellmonk_spider_rune_endless_swarm
Orc:1:    layout_caves
Orc:2:    st_orc_ogre_mass, layout_caves, serial_shops, shop, basic_altar,
          mines4_lemuel
Elf:1:    layout_geoelf_diagonals, hellmonk_ghost_big_iron,
          nicolae_elf_crossing_hall
Elf:2:    elven_hall_of_blades_hangedman_alternative [nicolae_blade_tridents],
          layout_gridlike, hangedman_elven_ridges
Elf:3:    minmay_elf_hall_quartered_circle, layout_geoelf_diagonals,
          serial_shops, nicolae_shop_drivethru, grunt_megastairs_1
Vaults:1: v_pattern_2, vaults_room_grunt_arrival_ludios,
          nicolae_vaults_what_the_h, v_misc_8, grunt_vaults_funneled_arena,
          v_misc_12, vaults_dpeg_emergency_exit, grunt_vaults_diagonal,
          ontoclasm_vaults_bender, nicolae_vaults_network_s,
          hangedman_vaults_restitches, ontoclasm_vaults_ring_small,
          nicolae_vaults_apartment_1, nicolae_vaults_little_ls,
          nicolae_vaults_tetromino_T_2, layout_vaults_omnibox
Vaults:2: nicolae_vaults_angled_halls, v_alt_pattern_3, ontoclasm_vaults_hangar,
          nicolae_vaults_specimen_jars, v_misc_9, vaults_mumra_hex,
          vaults_room_door_hall, nicolae_vaults_rhombus_7, grunt_vaults_funnel,
          nicolae_vaults_ninety_degrees, nicolae_vaults_double_plus_1,
          layout_vaults_omnigrid, serial_shops, nicolae_square_shop, uniq_mara
Vaults:3: v_misc_18, nicolae_vaults_cornered_office,
          minmay_crypt_entry_simple_sparse, nicolae_vaults_steering_wheel,
          grunt_vaults_twisty, v_misc_27, nicolae_vaults_tangram_2,
          vaults_room_pool, nicolae_vaults_tetromino_L_1,
          layout_vaults_chaotic_city
Vaults:4: nicolae_vaults_yaktaur_gun_rack, nicolae_vaults_wrenched,
          hangedman_vaults_impose, hangedman_vaults_cutoff,
          nicolae_vaults_little_squares_6, v_misc_22,
          nicolae_vaults_security_offices_5, nicolae_vaults_network_barrier,
          hangedman_vaults_cutoff, hangedman_vaults_cutoff,
          nicolae_vaults_trapezoid_1, nicolae_vaults_tetromino_L_1,
          layout_vaults_maze_snakey
Vaults:5: serial_shops
Crypt:1:  layout_misc_corridors, grunt_crypt_arrival_split, grunt_megastairs_2,
          lemuel_upstairs_altar, uniq_margery, uniq_jory, uniq_zenata
Crypt:2:  layout_misc_corridors, uniq_donald, uniq_xtahua
Depths:1: layout_cave_pools, serial_shops, bzr_entry_dummy,
          grunt_mini_vestibule, pan_entry, amcnicky_mini_corridor_feature,
          nicolae_uskayaw_dance_hall, minmay_shop_star
Depths:2: angbandy_vault, layout_gridlike, pan_entry, hell_entry, serial_shops,
          nicolae_lakefront_shop, minmay_shoptagon
Depths:3: evilmike_negative_zone, layout_cave_shapes, hangedman_geh_valley,
          nicolae_sextant, abyss_entry_crystal,
          infiniplex_staircase_hallway_doors, firewood_loft, minmay_shop_grove,
          uniq_frederick
Depths:4: evilmike_zot_entry_diamond, layout_cave_pools, enter_ziggurat_c,
          corexii_leaking_fountain, pf_coc_iceberg, grunt_pan_entry_zigzag,
          abyss_entry, hangedman_abyss_or_decor_jellyfish_corner, uniq_sojobo
Hell
Zot:1:    layout_gridlike, st_stairs_6, grunt_ministairs_6,
          st_small_dragon_hoard_3
Pan:      rand_demon_7, layout_gridlike, nicolae_pan_gloorx_vloqian_4,
          evilmike_mini_pan_doors_b, layout_grid_shapes, pan_blood_fountain,
          nicolae_pan_gloorx_vloqian_1, reaverb_pan_figure_eight,
          nicolae_pan_sigil_uleosi, rand_demon_3, layout_gridlike,
          pan_blood_fountain_small, evilmike_gloorx_vloq_box, layout_basic

Skill      XL: |  1  2  3  4  5  6  7  8  9 10 11 12 13 14 15 16 17 18 19 20 21 22 23 24 25 26 27 |
---------------+----------------------------------------------------------------------------------+-----
Spellcasting   | 5 6 7 8 9 10 11 12 13 14 15 16 17 18 20 | 20.0
Invocations    | 1 2 3 4 5 6 7 8 9 10 11 12 13 14 15 16 17 18 19 21 | 21.9
Fighting       | 1 2 3 5 6 7 8 9 10 11 12 13 14 15 16 17 19 | 19.5
Short Blades   | 1 2 3 5 6 7 8 9 10 11 12 13 14 15 16 17 19 | 19.5
Long Blades    | 1 2 3 5 6 7 8 9 10 11 12 13 14 15 16 17 19 | 19.5
Axes           | 1 2 3 5 6 7 8 9 10 11 12 13 14 15 16 17 19 | 19.5
Maces & Flails | 1 2 3 5 6 7 8 9 10 11 12 13 14 15 16 17 19 | 19.5
Polearms       | 1 2 3 5 6 7 8 9 10 11 12 13 14 15 16 17 19 | 19.5
Staves         | 1 2 3 5 6 7 8 9 10 11 12 13 14 15 16 17 19 | 19.5
Ranged Weapons | 1 2 3 5 6 7 8 9 10 11 12 13 14 15 16 17 19 | 19.5
Throwing       | 1 2 3 5 6 7 8 9 10 11 12 13 14 15 16 17 19 | 19.5
Armour         | 1 2 3 5 6 7 8 9 10 11 12 13 14 15 16 17 19 | 19.5
Shields        | 1 2 3 5 6 7 8 9 10 11 12 13 14 15 16 17 19 | 19.5
Unarmed Combat | 1 2 3 5 6 7 8 9 10 11 12 13 14 15 16 17 19 | 19.5
Evocations     | 1 2 3 5 6 7 8 9 10 11 12 13 14 15 16 17 19 | 19.5
Shapeshifting  | 1 2 3 4 5 6 7 8 9 10 11 12 13 14 15 16 18 | 18.0
Hexes          | 1 2 3 4 5 6 7 8 9 10 11 12 13 14 15 16 | 16.6
Summonings     | 1 2 3 4 5 6 7 8 9 10 11 12 13 14 15 16 | 16.6
Necromancy     | 1 2 3 4 5 6 7 8 9 10 11 12 13 14 15 16 | 16.6
Translocations | 1 2 3 4 5 6 7 8 9 10 11 12 13 14 15 16 | 16.6
Fire Magic     | 1 2 3 4 5 6 7 8 9 10 11 12 13 14 15 16 | 16.6
Ice Magic      | 1 2 3 4 5 6 7 8 9 10 11 12 13 14 15 16 | 16.6
Air Magic      | 1 2 3 4 5 6 7 8 9 10 11 12 13 14 15 16 | 16.6
Earth Magic    | 1 2 3 4 5 6 7 8 9 10 11 12 13 14 15 16 | 16.6
Alchemy        | 1 2 3 4 5 6 7 8 9 10 11 12 13 14 15 16 | 16.6
Dodging        | 5 6 7 8 9 10 11 12 13 14 15 16 17 18 19 | 19.9
Stealth        | 5 6 7 8 9 10 11 12 13 14 15 16 17 18 19 | 19.9
Conjurations   | 8 9 10 11 12 13 14 15 16 17 | 17.9

Action                     |  1- 3 |  4- 6 |  7- 9 | 10-12 | 13-15 | 16-18 | 19-21 | 22-24 | 25-27 || total
---------------------------+-------+-------+-------+-------+-------+-------+-------+-------+-------++-------
  Melee: Spear             |   106 |       |       |       |       |       |       |       |       ||   106
         Bite              |    14 |    16 |    13 |    70 |    93 |   125 |   195 |   161 |   424 ||  1111
         Dagger            |    14 |   127 |    30 |       |       |       |       |       |       ||   171
         Punch             |       |     3 |     2 |       |       |       |       |       |       ||     5
         Short sword       |       |   114 |       |       |       |       |       |       |       ||   114
         Demon trident     |       |       |   121 |   580 |   706 |   992 |  1295 |   738 |  1847 ||  6279
         Headbutt          |       |       |       |       |       |       |   281 |       |       ||   281
  Throw: Dart              |       |     2 |     1 |       |     3 |       |     1 |       |       ||     7
   Cast: Magic Dart        |    47 |    28 |    47 |       |    18 |     1 |     1 |       |       ||   142
         Searing Ray       |       |     4 |     9 |       |     6 |       |     1 |       |       ||    20
         Iskenderun's Myst |       |     3 |     2 |       |     7 |       |       |       |     4 ||    16
         Fulminant Prism   |       |       |     2 |    12 |    10 |       |       |       |       ||    24
         Death Channel     |       |       |       |     4 |    26 |    27 |    47 |    22 |    14 ||   140
         Blink             |       |       |       |       |     4 |     1 |     2 |     1 |    10 ||    18
         Summon Hydra      |       |       |       |       |       |    90 |    88 |    16 |    13 ||   207
         Monstrous Menager |       |       |       |       |       |     8 |     7 |       |     1 ||    16
         Summon Mana Viper |       |       |       |       |       |     2 |     7 |     2 |     2 ||    13
         Ignition          |       |       |       |       |       |       |       |    54 |   117 ||   171
         Orb of Destructio |       |       |       |       |       |       |       |    22 |    78 ||   100
         Spellforged Servi |       |       |       |       |       |       |       |    10 |    42 ||    52
         Fire Storm        |       |       |       |       |       |       |       |       |    42 ||    42
         Ozocubu's Refrige |       |       |       |       |       |       |       |       |    34 ||    34
 Invoke: Slouch            |       |       |       |     1 |     4 |     2 |       |     5 |       ||    12
         Step From Time    |       |       |       |       |       |       |     1 |     6 |     2 ||     9
Ability: Begin Untransform |       |       |       |       |       |       |       |       |     3 ||     3
  Evoke: Wand              |       |       |     1 |       |       |     1 |     3 |     1 |    10 ||    16
         Sack of spiders   |       |       |       |       |       |     2 |       |       |     1 ||     3
         Lightning rod     |       |       |       |       |       |       |     3 |       |       ||     3
         Phantom mirror    |       |       |       |       |       |       |       |     1 |     2 ||     3
         Tin of tremorston |       |       |       |       |       |       |       |       |     1 ||     1
    Use: Potion            |       |     1 |       |       |     4 |     6 |     6 |     3 |    17 ||    37
         Scroll            |       |       |     5 |     6 |    13 |    10 |    17 |     8 |    12 ||    71
   Stab: Sleeping          |     2 |     5 |     9 |    17 |    13 |    31 |    39 |    26 |    11 ||   153
         Distracted        |       |     2 |       |     1 |     6 |    19 |    28 |    19 |    50 ||   125
         Invisible         |       |     1 |       |       |     3 |       |       |       |       ||     4
         Held in net/web   |       |       |       |       |       |     1 |     1 |       |       ||     2
 Armour: Robe              |    52 |   154 |    26 |       |       |       |       |       |       ||   232
         Ring mail         |       |       |    45 |   181 |   202 |   327 |   314 |   171 |   696 ||  1936
         Skin              |       |       |       |       |       |       |       |       |    81 ||    81
  Dodge: Dodged            |    90 |   194 |    85 |   263 |   299 |   501 |   564 |   315 |  1291 ||  3602
  Block: Buckler           |       |       |    37 |   318 |   383 |   346 |   417 |   209 |   862 ||  2572
         Reflection        |       |       |     2 |    19 |    20 |    51 |    58 |    23 |    25 ||   198
Riposte: Demon trident     |       |       |       |       |       |   199 |   231 |   130 |   483 ||  1043
   Form: Statue            |       |       |       |       |       |       |       |       |     3 ||     3
